 Dungeon Crawl Stone Soup version 0.29.1-15-g9cfb28693d (webtiles) character file.

Game seed: 666721289346889444

1 croobank the Sneak (level 1, -8/16 HPs)
             Began as an Octopode Delver on Feb 23, 2023.
             Killed by divine providence
             ... invoked by an orc priest
              (13 damage)
             ... on level 3 of the Dungeon.
             The game lasted 00:00:40 (275 turns).

croobank the Sneak (Octopode Delver)                 Turns: 275, Time: 00:00:41

Health: -8/16      AC:  1    Str: 11    XL:     1   Next: 20%
Magic:  1/1        EV: 13    Int: 12    God:
Gold:   13         SH:  0    Dex: 13    Spells: 0/0 levels left

rFire   . . .      SeeInvis .   a - +0 hand axe
rCold   . . .      Faith    .   (no shield)
rNeg    . . .      Spirit   .   (helmet restricted)
rPois   .          Reflect  .   (no amulet)
rElec   .          Harm     .   (no ring)
rCorr   .          Rampage  .   (no ring)
Will    .....                   (no ring)
Stlth   ++++......              (no ring)
HPRegen 0.05/turn               (no ring)
MPRegen 0.07/turn               (no ring)
                                (no ring)
                                (no ring)

@: no status effects
A: almost no armour, amphibious, 8 rings, camouflage 1, gelatinous body 1,
(nimble swimmer 1), tentacles
a: no special abilities


You were on level 3 of the Dungeon.
You visited 1 branch of the dungeon, and saw 3 of its levels.

You collected 13 gold pieces.

Inventory:

Hand Weapons
 a - a +0 hand axe (weapon)
Missiles
 g - 3 poisoned darts (quivered)
Wands
 f - a wand of digging (3)
Scrolls
 b - a scroll of fog
 d - a scroll of blinking {unknown}
Potions
 c - a potion of curing {unknown}
 e - a potion of haste


   Skills:
 + Level 3.0 Fighting
 + Level 2.0 Axes
 + Level 2.0 Dodging
 + Level 6.6 Stealth


You couldn't memorise any spells.
You didn't know any spells.
Your spell library was empty.

Dungeon Overview and Level Annotations

Branches:
Dungeon (5/15)
 Temple: D:4-7

Altars:

Annotations:
D:5 Blork the orc


Innate Abilities, Weirdness & Mutations

You cannot wear most types of armour.
You are amphibious.
You can wear up to eight rings at the same time.
Your skin changes colour to match your surroundings (Stealth+).
Your rubbery body absorbs attacks. (AC +1, EV +1)
((You are camouflaged when in or above water. (Stealth+)))
You have tentacles for arms and can constrict up to eight enemies at once.


Message History

Found a scroll labelled EMUANE XIBBUU.
The goblin seems to regain its courage.
An orc comes into view. It is wielding a +0 dagger.
There is a stone staircase leading up here.
You climb upwards.
There is a stone staircase leading down here.
You start resting.
HP restored.
An endoplasm comes into view.
An endoplasm is nearby!
The helpless endoplasm fails to defend itself.
You hit the endoplasm. Your squeeze misses the endoplasm.
The endoplasm is lightly wounded.
The endoplasm misses you.
You hit the endoplasm. Your squeeze misses the endoplasm.
The endoplasm is almost dead.
The endoplasm barely misses you.
An endoplasm is nearby!
You slash the endoplasm!
You kill the endoplasm!
c - a glowing clear potion
Found a leather armour.
d - a scroll labelled UTHIXZASAUNO A hobgoblin comes into view.
A hobgoblin is nearby!
An orc and 2 orc priests come into view.
Found a potion of haste.
The orc priest shouts!
The orc shouts!
The orc priest shouts!
You hear a shout!
The orc priest hits you with a +0 hand axe.
You hit the orc priest but do no damage.
You grab the orc priest.
You constrict the orc priest, but do no damage.
An orc comes into view. It is wielding a +0 war axe.
The orc priest barely misses you.
You hit the orc priest but do no damage.
You constrict the orc priest.
The orc priest hits you with a +0 hand axe.
The orc priest invokes the aid of Beogh against you.
Beogh smites you!
Ouch! That really hurt!
You die... # #### # ..# .. ... .oo

###.# ....# #o#
#.###....# #o#
#.##.[.#.# #@# .
#.##..##.#####.##....
#.##..##.##..........#
#.##..##.##.##.##g..##
###.##..##.##.#....
.##
#..........##.#..### #
#.####........#.!# ..#
##########..# ### #..#


You could see 2 orc priests and 2 orcs.

Vanquished Creatures
  An endoplasm (D:3)
1 creature vanquished.

Notes
Turn   | Place    | Note
-------+----------+-------------------------------------------
     0 | D:5      | croobank the Octopode Delver began the quest for the Orb.
     0 | D:5      | Reached XP level 1. HP: 16/16 MP: 1/1
     7 | D:5      | Noticed Blork the orc
    28 | D:4      | Noticed a black bear
   271 | D:3      | Noticed an orc priest
   271 | D:3      | Noticed an orc priest
   275 | D:3      | Killed from afar by an orc priest

Illustrated notes

Levels and vault maps discovered:
D:3:      layout_loops_ring, chei_slow_surprise,
          mainiacjoe_overflow_concentric_impassable
D:4:      layout_basic, nicolae_uskayaw_en_pointe, minmay_misc_feat_encased,
          minivault_19, hangedman_abyss_or_decor_jellyfish_corner
D:5:      layout_rooms, uniq_blork_the_orc, uniq_grinder

Action                   || total
-------------------------++-------
Melee: Hand axe          ||     6
       Constrict         ||     2
Throw: Dart              ||     1
  Use: Scroll            ||     3
 Stab: Sleeping          ||     1
Dodge: Dodged            ||     4
